 Dungeon Crawl Stone Soup version 0.20-a0-1086-g4bd2f5b (webtiles) character file.

124979 Ijustatesigmund the Fencer (level 16, -6/132 HPs)
             Began as a Barachi Fighter on May 1, 2017.
             Was the Champion of Cheibriados.
             Killed from afar by a deep elf mage (25 damage)
             ... with a bolt of negative energy
             ... on level 2 of the Elven Halls.
             The game lasted 01:32:52 (24540 turns).

Ijustatesigmund the Fencer (Barachi Fighter)       Turns: 24540, Time: 01:32:53

Health: -6/132     AC: 23    Str: 33    XL:     16   Next: 94%
Magic:  34/34      EV: 13    Int: 34    God:    Cheibriados [******]
Gold:   2505       SH: 14    Dex: 40    Spells: 21/25 levels left

rFire    x . .     SeeInvis .   S - +0 long sword (elec)
rCold    . . .     Gourm    .   c - +0 shield
rNeg     . . .     Faith    .   b - +8 chain mail of Feasting {*Contam Regen+ MP+9 Dex+3}
rPois    +         Spirit   .   (no helmet)
rElec    .         Reflect  .   Z - +2 cloak
rCorr    .         Harm     .   D - +0 pair of gloves
MR       +....     Rnd*Tele +   (no boots)
Stlth    +.........             L - amulet of regeneration
Regen    1.2/turn               m - ring of wizardry
MPRegen  0.3/turn               x - ring "Fiumao" {rPois rF- EV+1 Int+4 Dex+10}

@: very heavily drained, very slow
A: +LOS, swims, talons 1, thin metallic scales 1, slowness 1, teleportitis 1,
strong legs 2
a: Hop, Bend Time, Temporal Distortion, Slouch, Step From Time, Renounce
Religion


You were on level 2 of the Elven Halls.
You worshipped Cheibriados.
Cheibriados was exalted by your worship.
You were not hungry.

You visited 5 branches of the dungeon, and saw 26 of its levels.
You also visited: Ice Cave.

You collected 3171 gold pieces.
You spent 666 gold pieces at shops.

Inventory:

Hand Weapons
 S - a +0 long sword of electrocution (weapon)
 V - a +4 great sword
Armour
 b - the +8 chain mail of Feasting (worn) {*Contam Regen+ MP+9 Dex+3}
   (You found it on level 6 of the Lair of Beasts)

   It affects your dexterity (+3).
   It affects your magic capacity (+9).
   It causes magical contamination when unequipped.
   It increases your rate of regeneration.
 c - a +0 shield (worn)
 i - +1 shadow dragon scales
 C - a scarf of cold resistance
 D - a +0 pair of gloves (worn)
 Z - a +2 cloak (worn)
Jewellery
 d - an uncursed ring of flight
 m - a ring of wizardry (left hand)
 o - an uncursed ring of stealth
 q - the ring "Vynguwkoy" {+Blink rN+ Stlth-}
   (You found it in an ice cave)

   [ring of loudness]

   It protects you from negative energy.
   It lets you blink.
   It makes you less stealthy.
 v - an uncursed amulet of magic regeneration
 w - a +2 amulet of reflection
 x - the ring "Fiumao" (right hand) {rPois rF- EV+1 Int+4 Dex+10}
   (You found it on level 4 of the Dungeon)

   [ring of evasion]

   It affects your evasion (+1).
   It affects your intelligence (+4).
   It affects your dexterity (+10).
   It makes you vulnerable to fire.
   It protects you from poison.
 y - an uncursed ring of protection from cold
 L - an amulet of regeneration (around neck)
 W - an uncursed ring of positive energy
Wands
 a - a wand of iceblast (0/15)
 k - a wand of paralysis (11/24)
 n - a wand of digging (19/24)
 A - a wand of iceblast (0/15)
 F - a wand of iceblast (4/15)
 H - a wand of polymorph (10/24)
 J - a wand of clouds (4/9)
 P - a wand of lightning (7/15)
Scrolls
 s - a scroll of blinking
 z - a scroll of amnesia
 B - a scroll of teleportation
 E - 5 scrolls of magic mapping
 N - a scroll of identify
 O - 2 scrolls of enchant armour
 Q - a scroll of noise {unknown}
 T - 2 scrolls of enchant weapon
 U - a scroll of remove curse
 X - a scroll of summoning
Potions
 g - 4 potions of lignification
 h - 5 potions of curing
 j - 3 potions of flight
 l - a potion of agility
 p - 2 potions of resistance
 r - a potion of brilliance
 G - a potion of might
 I - a potion of cancellation
 K - a potion of heal wounds
 M - 2 potions of magic
 Y - a potion of ambrosia
Books
 e - a book of Minor Magic

   Spells                             Type                      Level
   a - Magic Dart                     Conjuration                  1
   b - Blink                          Translocation                2
   c - Call Imp                       Summoning                    2
   d - Slow                           Hexes                        2
   e - Conjure Flame                  Conjuration/Fire             3
   f - Mephitic Cloud                 Conjuration/Poison/Air       3
Comestibles
 f - 11 bread rations
 t - 9 meat rations
 R - 13 fruits


   Skills:
 - Level 13.7(8.4) Fighting
 - Level 15.5(10.0) Long Blades
 - Level 8.0(3.4) Armour
 - Level 9.1(4.3) Dodging
 - Level 7.0(2.5) Stealth
 - Level 9.9(5.1) Shields
 - Level 5.0(0.7) Spellcasting
 - Level 7.5(3.0) Hexes
 + Level 8.8(4.1) Translocations
 - Level 7.6(3.0) Ice Magic
 - Level 13.2(8.0) Invocations


You had 21 spell levels left.
You knew the following spells:

 Your Spells              Type           Power        Failure   Level  Hunger
a - Ensorcelled Hibernat  Hex/Ice        ###...       19%         2    ###....
b - Blink                 Tloc           N/A          12%         2    ###....


Dungeon Overview and Level Annotations

Branches:
Dungeon (15/15)            Temple (1/1) D:7            Lair (6/6) D:11
 Shoals (0/4) Lair:3        Snake (0/4) Lair:2        Slime (0/5) Lair:6
    Orc (2/2) D:9             Elf (2/3) Orc:2        Vaults (0/5) D:13
 Depths (0/5) D:15

Altars:
Ashenzari
Cheibriados
Dithmenos
Elyvilon
Fedhas
Gozag
Hepliaklqana
Kikubaaqudgha
Makhleb
Nemelex Xobeh
Okawaru
Qazlal
Ru
Sif Muna
Trog
Uskayaw
Vehumet
Wu Jian
Xom
Yredelemnul
Zin
The Shining One
Beogh
Jiyva

Shops:
D:4 !   D:12 *   D:13 ![=   D:14 :   Orc:2 ([%=


Innate Abilities, Weirdness & Mutations

Shadows flee at your approach. (+LOS)
You can swim through water.
You cover ground slowly.
You can hop longer distances.
You have sharp toenails.
You are partially covered in thin metallic scales. (AC +2)
You are occasionally teleported next to monsters.


Message History

The deep elf knight casts a spell.
The deep elf knight flickers and vanishes!
Deactivating autopickup; reactivate with Ctrl-A.
The deep elf knight hits you with a scimitar.
* * * LOW HITPOINT WARNING * * *
Your surroundings suddenly seem different.
A deep elf mage comes into view.
It is wielding a long sword of freezing.
The deep elf mage shouts!
A deep elf mage comes into view. It is wielding a long sword.
The deep elf mage shouts!
A deep elf knight comes into view. It is wielding an enchanted long sword.
The deep elf knight shouts!
A deep elf mage comes into view. It is wielding a rapier.
The deep elf mage shouts!
The deep elf mage casts a spell at you. The orb of energy hits you!
* * * LOW HITPOINT WARNING * * *
The deep elf mage gestures at you while chanting.
The bolt of negative energy hits you!
You feel drained.
You die...

##.# ##.## #
#...##...##.
...........
...........
..........
#.........
##.e.....##
#.........##
........@..#
.................
.................
.................
............(...#
..e.............#
...............e.
...............e.
......(..........


You could see a deep elf knight, 3 deep elf magi and 2 dancing weapons.

Vanquished Creatures
  Rupert (Lair:3)
  A deep elf blademaster (Elf:2)
  A deep elf sorcerer (Elf:1)
  2 orc warlords (Orc:2)
  Azrael (Orc:1)
  Snorg (Lair:3)
  Erolcha (Orc:1)
  2 ice dragons (IceCv)
  6 hydras
  Erica (D:8)
  A death knight (D:14)
  A catoblepas (Lair:6)
  15 two-headed ogres
  12 dancing weapons
  The ghost of Voxish the Martial Artist, a novice DgTm (Lair:1)
  An ogre mage (D:13)
  A tengu warrior (D:14)
  Urug (Lair:4)
  3 deep elf knights
  A wizard (Elf:1)
  2 unseen horrors (D:12)
  5 deep elf archers
  Pikel (D:8)
  3 orc knights
  The ghost of Shinoi the Destroyer, a novice DECj of Vehumet (D:8)
  30 deep elf magi
  4 oklob plants (Lair:6)
  4 orc sorcerers
  5 ugly things
  3 cyclopes
  2 elephants
  4 black mambas
  A guardian serpent (shapeshifter) (Elf:2)
  A centaur zombie (D:14)
  2 ice statues (IceCv)
  15 spiny frogs
  5 gargoyles
  6 rime drakes
  4 komodo dragons
  A freezing wraith (D:14)
  A tengu conjurer (Elf:1)
  3 yaktaurs
  6 polar bears
  2 meliai (D:15)
  5 hornets (Lair:6)
  8 trolls
  8 blink frogs
  A snapping turtle (Lair:3)
  7 slime creatures
  7 hippogriffs
  6 dream sheep
  Sigmund (D:6)
  A shadow (D:11)
  48 yaks
  17 spriggans
  3 fire elementals
  2 hogs (D:10)
  5 wyverns
  4 wraiths
  A human (D:10)
  A steam dragon (D:8)
  Grum (D:9)
  3 basilisks
  A hungry ghost (D:12)
  6 vampire mosquitoes
  Menkaure (D:7)
  3 wargs
  2 acid dragons (D:12)
  6 hell hounds
  16 water moccasins
  A soldier ant (D:13)
  12 porcupines
  Duvessa (D:7)
  36 orc warriors
  17 ice beasts
  3 sky beasts
  A slave (D:8)
  7 black bears
  10 ogres
  2 phantoms
  39 wolves
  9 boggarts
  A necrophage (D:7)
  21 centaurs
  13 crocodiles
  A big kobold (shapeshifter) (D:13)
  16 bullfrogs
  A wyvern zombie (D:5)
  3 big kobolds
  Dowan (D:7)
  2 wyvern skeletons (D:6)
  12 scorpions
  11 killer bees
  A vampire bat (D:4)
  14 wights
  An electric eel (D:11)
  3 howler monkeys
  9 crimson imps
  3 quasits
  A bullfrog zombie (D:6)
  10 jellies
  25 orc priests
  30 orc wizards
  4 centaur skeletons
  7 hounds
  4 iguanas
  16 worker ants
  A hound zombie (D:6)
  Robin (D:2)
  A howler monkey skeleton (D:4)
  4 gnolls (D:4)
  A howler monkey zombie (D:7)
  10 adders
  3 shadow imps
  An ooze (D:3)
  2 adder zombies
  9 worms
  4 dart slugs
  3 fire bats (D:4)
  6 leopard geckos
  116 orcs
  2 spectral bats (D:4)
  A ball python (D:2)
  3 bat skeletons (D:4)
  A bat zombie (D:4)
  5 giant cockroaches
  10 hobgoblins
  14 jackals
  3 quokkas
  14 bats
  A bat simulacrum (D:4)
  9 frilled lizards
  16 goblins
  2 jackal zombies
  26 kobolds
  A quokka zombie (D:5)
  7 rats
  A plant (Lair:2)
955 creatures vanquished.

Vanquished Creatures (collateral kills)
  A big kobold (D:12)
  3 kobolds (D:12)
4 creatures vanquished.

Vanquished Creatures (others)
  A centaur warrior (D:13)
  A deep elf mage (D:13)
  A yaktaur (D:13)
  3 centaurs
  An orc priest (D:13)
  A hound (D:8)
  2 orcs
  A giant cockroach (D:8)
  11 fungi
  9 plants (Lair:6)
31 creatures vanquished.

Grand Total: 990 creatures vanquished

Notes
Turn   | Place    | Note
-------+----------+-------------------------------------------
     0 | D:1      | Ijustatesigmund the Barachi Fighter began the quest for the Orb.
     0 | D:1      | Reached XP level 1. HP: 18/18 MP: 1/1
   117 | D:1      | Reached XP level 2. HP: 19/25 MP: 2/2
   234 | D:1      | Reached skill level 1 in Dodging
   339 | D:1      | Reached skill level 3 in Long Blades
   342 | D:1      | Reached XP level 3. HP: 27/30 MP: 3/3
   638 | D:2      | Found a hazy altar of Hepliaklqana.
   891 | D:2      | Noticed Robin
   918 | D:2      | Killed Robin
   918 | D:2      | Reached XP level 4. HP: 19/37 MP: 4/4
  1424 | D:2      | Found a glowing golden altar of the Shining One.
  1616 | D:3      | Gained mutation: You are occasionally teleported next to monsters. [potion of mutation]
  1616 | D:3      | Gained mutation: You have a pair of small horns on your head. [potion of mutation]
  1617 | D:3      | Lost mutation: You have a pair of small horns on your head. [potion of mutation]
  1617 | D:3      | Gained mutation: You have sharp toenails. [potion of mutation]
  1617 | D:3      | Gained mutation: You are partially covered in thin metallic scales. (AC +2) [potion of mutation]
  1686 | D:3      | Reached skill level 4 in Long Blades
  2159 | D:3      | Reached XP level 5. HP: 33/43 MP: 5/5
  2302 | D:4      | Reached skill level 5 in Long Blades
  2534 | D:4      | Reached skill level 5 in Fighting
  2534 | D:4      | Reached XP level 6. HP: 43/51 MP: 6/6
  2547 | D:4      | Got a clouded golden ring
  2549 | D:4      | Identified the ring "Fiumao" {rPois rF- EV+1 Int+4 Dex+10} (You found it on level 4 of the Dungeon)
  2831 | D:4      | Reached skill level 6 in Long Blades
  2858 | D:4      | Reached XP level 7. HP: 56/56 MP: 7/7
  3025 | D:4      | Found Xeisaso's Distillery.
  3028 | D:4      | Bought a potion of curing for 33 gold pieces
  3028 | D:4      | Bought a potion of heal wounds for 55 gold pieces
  3028 | D:4      | Bought a potion of curing for 33 gold pieces
  3028 | D:4      | Bought a potion of curing for 33 gold pieces
  3303 | D:4      | Reached skill level 7 in Long Blades
  3489 | D:5      | Entered Level 5 of the Dungeon
  3517 | D:5      | Reached skill level 5 in Armour
  3545 | D:5      | Found an ornate altar of the Wu Jian Council.
  3545 | D:5      | Found a shadowy altar of Dithmenos.
  3545 | D:5      | Found a radiant altar of Vehumet.
  3616 | D:5      | Reached XP level 8. HP: 53/65 MP: 8/8
  4012 | D:5      | Reached skill level 8 in Long Blades
  4145 | D:5      | Found a deep blue altar of Sif Muna.
  4149 | D:5      | Found an ancient bone altar of Kikubaaqudgha.
  4408 | D:5      | Found a glowing silver altar of Zin.
  4408 | D:5      | Found a burning altar of Makhleb.
  4411 | D:5      | Found a shattered altar of Ashenzari.
  4492 | D:6      | Noticed Sigmund
  4513 | D:6      | Killed Sigmund
  4522 | D:6      | Found a shimmering altar of Xom.
  4652 | D:6      | Reached skill level 9 in Long Blades
  4899 | D:6      | Reached XP level 9. HP: 69/72 MP: 9/9
  5274 | D:7      | Noticed Dowan
  5277 | D:7      | Noticed Duvessa
  5308 | D:7      | Killed Duvessa
  5308 | D:7      | Reached skill level 10 in Long Blades
  5332 | D:7      | Killed Dowan
  5621 | D:7      | Reached skill level 11 in Long Blades
  5945 | D:7      | Found a staircase to the Ecumenical Temple.
  5973 | Temple   | Entered the Ecumenical Temple
  5981 | Temple   | Became a worshipper of Cheibriados the Contemplative
  6186 | D:7      | Noticed Menkaure
  6197 | D:7      | Killed Menkaure
  6197 | D:7      | Reached skill level 1 in Stealth
  6197 | D:7      | Reached skill level 1 in Invocations
  6464 | D:8      | Reached XP level 10. HP: 71/82 MP: 11/11
  6537 | D:8      | Noticed Shinoi's ghost (novice DECj)
  6540 | D:8      | Noticed Erica
  6576 | D:8      | Killed Shinoi's ghost
  6596 | D:8      | Killed Erica
  6953 | D:8      | Reached * piety under Cheibriados
  6953 | D:8      | Reached skill level 5 in Stealth
  6996 | D:8      | Noticed Pikel
  7024 | D:8      | Killed Pikel
  7024 | D:8      | Reached skill level 5 in Invocations
  7442 | D:8      | Found a blossoming altar of Fedhas.
  7476 | D:8      | Noticed a two-headed ogre
  7484 | D:8      | Killed a two-headed ogre
  7715 | D:9      | Found a staircase to the Orcish Mines.
  7749 | D:9      | Noticed Grum
  7753 | D:9      | Reached XP level 11. HP: 67/87 MP: 15/15
  7768 | D:9      | Killed Grum
  7959 | D:9      | Reached ** piety under Cheibriados
  8125 | D:9      | Noticed a two-headed ogre
  8135 | D:9      | Killed a two-headed ogre
  8478 | D:10     | Entered Level 10 of the Dungeon
  8715 | D:10     | Reached *** piety under Cheibriados
  9265 | D:10     | Reached **** piety under Cheibriados
  9386 | D:10     | Noticed a two-headed ogre
  9396 | D:10     | Killed a two-headed ogre
  9819 | D:11     | Noticed a two-headed ogre
  9831 | D:11     | Reached skill level 10 in Invocations
 10108 | D:11     | Killed a two-headed ogre
 10112 | D:11     | Noticed a white ugly thing
 10155 | D:10     | Killed a red ugly thing
 10280 | D:10     | Reached ***** piety under Cheibriados
 10301 | D:11     | Reached XP level 12. HP: 86/94 MP: 20/20
 10396 | D:11     | Found a staircase to the Lair.
 11566 | D:12     | Noticed an eight-headed hydra
 11681 | D:12     | Reached ****** piety under Cheibriados
 11686 | D:12     | Killed a four-headed hydra
 11726 | D:12     | Noticed a two-headed ogre
 11737 | D:12     | Killed a two-headed ogre
 11817 | D:12     | Found Ifetuoss's Assorted Antiques.
 12349 | D:12     | Reached skill level 5 in Shields
 12409 | D:12     | Gained mutation: You can hop longer distances. [Barachi growth]
 12409 | D:12     | Reached XP level 13. HP: 84/101 MP: 16/22
 12409 | D:12     | Reached skill level 12 in Long Blades
 12412 | D:12     | Reached skill level 5 in Dodging
 12449 | D:12     | Bought a scroll of identify for 60 gold pieces
 12449 | D:12     | Bought a glowing great sword for 285 gold pieces
 12449 | D:12     | Bought a clear potion for 27 gold pieces
 12735 | D:13     | Found Ylobruad's Armour Emporium.
 12759 | D:13     | Reached skill level 10 in Fighting
 12802 | D:13     | Found Samimase's Jewellery Shop.
 12866 | D:13     | HP: 3/103 [deep elf mage/bolt of lightning (23)]
 13425 | D:13     | Identified the Grimoire of Confrontation
 13437 | D:13     | Found Jaew Hos's Distillery.
 13451 | D:13     | Bought 2 potions of heal wounds for 140 gold pieces
 13470 | D:13     | Found Ustoe's Jewellery Boutique.
 13924 | D:13     | Reached skill level 13 in Long Blades
 14173 | D:13     | Found a gate to the Vaults.
 14626 | Lair:1   | Entered Level 1 of the Lair of Beasts
 14880 | Lair:1   | Noticed Voxish's ghost (novice DgTm)
 14889 | Lair:1   | Reached XP level 14. HP: 113/113 MP: 23/23
 15104 | Lair:1   | Killed Voxish's ghost
 15680 | Lair:2   | Found a frozen archway.
 15695 | IceCv    | Entered an ice cave
 16068 | IceCv    | Got a warped tin ring
 16082 | IceCv    | Identified the ring "Vynguwkoy" {+Blink rN+ Stlth-} (You found it in an ice cave)
 16574 | Lair:2   | Found a staircase to the Snake Pit.
 16782 | Lair:2   | Reached skill level 14 in Long Blades
 17037 | Lair:3   | Noticed Snorg
 17062 | Lair:3   | Killed Snorg
 17169 | Lair:3   | Noticed Rupert
 17195 | Lair:3   | Killed Rupert
 17298 | Lair:3   | Found a staircase to the Shoals.
 18101 | Lair:4   | Learned a level 2 spell: Ensorcelled Hibernation
 18129 | Lair:4   | Noticed Urug
 18133 | Lair:4   | Killed Urug
 18200 | Lair:4   | Reached skill level 1 in Spellcasting
 18200 | Lair:4   | Reached skill level 1 in Hexes
 18200 | Lair:4   | Reached skill level 1 in Ice Magic
 18552 | Lair:4   | Reached XP level 15. HP: 122/122 MP: 24/24
 19245 | Lair:6   | Entered Level 6 of the Lair of Beasts
 19337 | Lair:6   | Found a staircase to the Slime Pits.
 19588 | Lair:6   | Reached skill level 5 in Ice Magic
 19887 | Lair:6   | Reached skill level 5 in Hexes
 20170 | Lair:6   | Reached skill level 5 in Spellcasting
 20325 | Lair:6   | Got a steaming chain mail
 20441 | Lair:6   | Identified the +8 chain mail of Feasting {*Contam Regen+ MP+9 Dex+3} (You found it on level 6 of the Lair of Beasts)
 21356 | D:14     | Found Xeir's Book Emporium.
 21432 | D:14     | Found a viscous altar of Jiyva.
 21533 | D:15     | Entered Level 15 of the Dungeon
 21556 | D:15     | Found a staircase to the Depths.
 21557 | D:15     | Noticed a fire giant
 21791 | Orc:1    | Entered Level 1 of the Orcish Mines
 21883 | Orc:2    | Entered Level 2 of the Orcish Mines
 21883 | Orc:2    | Noticed Azrael
 21900 | Orc:1    | Killed Azrael
 22001 | Orc:1    | Noticed Erolcha
 22014 | Orc:1    | Killed Erolcha
 22014 | Orc:1    | Reached XP level 16. HP: 129/129 MP: 25/25
 22228 | Orc:2    | Found a roughly hewn altar of Beogh.
 22242 | Orc:2    | Found a roughly hewn altar of Beogh.
 22275 | Orc:2    | Found Niepsuxi's Antique Weapon Emporium.
 22275 | Orc:2    | Found a roughly hewn altar of Beogh.
 22326 | Orc:2    | Found a staircase to the Elven Halls.
 22417 | Orc:2    | Found a roughly hewn altar of Beogh.
 22417 | Orc:2    | Found Venodd's Food Boutique.
 22765 | Orc:2    | Found a roughly hewn altar of Beogh.
 22917 | Orc:2    | Found a roughly hewn altar of Beogh.
 22981 | Orc:2    | Reached skill level 15 in Long Blades
 23079 | Orc:2    | Found Ugo Taymno's Antique Armour Shoppe.
 23225 | Orc:2    | Found a roughly hewn altar of Beogh.
 23275 | Orc:2    | Found a roughly hewn altar of Beogh.
 23275 | Orc:2    | Found Fihi's Jewellery Boutique.
 23363 | Elf:1    | Entered Level 1 of the Elven Halls
 23735 | Elf:1    | Learned a level 2 spell: Blink
 23744 | Elf:1    | Reached skill level 1 in Translocations
 23934 | Elf:1    | Reached skill level 5 in Translocations
 24383 | Elf:2    | Noticed a deep elf blademaster
 24409 | Elf:2    | Killed a deep elf blademaster
 24540 | Elf:2    | Killed from afar by a deep elf mage

Vault maps used:
D:1:      dpeg_arrival_tiny_h
D:2:      overflow_temple_1_default, lemuel_coloured_pillars_altar, uniq_robin
D:4:      serial_shops, kennysheep_mini_moat, goddamned_bats
D:5:      grunt_temple_overflow_diamond, minmay_overflow_temple_star_hex,
          first_bread, roderic_lattice_a
D:6:      old_standard_altar, kennysheep_generic_room_16, uniq_sigmund
D:7:      minmay_temple_entry_purple_smoke, uniq_menkaure, uniq_duvessa
D:8:      overflow_temple_1_default, uniq_pikel, uniq_erica
D:9:      orc_0_dummy, uniq_grum
D:10:     grunt_livestock, kennysheep_generic_room_7
D:11:     argonaut_augean_stables, minmay_lair_entry_grove
D:12:     serial_shops, shop_fountains
D:13:     hangedman_vaults_entry_quadrant_bands, serial_shops,
          nicolae_shop_waterfront, nicolae_shop_temple_entry_statues_fountains,
          nicolae_shop_crystal, nicolae_shop_stone
D:14:     serial_shops, shop, minivault_24, jiyva_altar_1
D:15:     grunt_enter_depths_giant_problem, serial_shops, shop,
          chequers_big_river
Temple:   eino_temple_lava
Lair:2:   wad_woods_settlement, portal_ice_cave_entry_pillars_1,
          lemuel_fruit_tree
Lair:3:   minmay_shoals_entry_hut, uniq_snorg, uniq_rupert
Lair:4:   uniq_urug
Lair:5:   serial_bayou_shore_a
Lair:6:   minmay_lair_end_enchanted_forest, minmay_slime_entry_pillars,
          minivault_25, grunt_megastairs_3, minmay_lair_oklob_chamber
Orc:1:    uniq_erolcha
Orc:2:    grunt_orc_community_town_hall, grunt_orc_community_big_house_1,
          grunt_orc_community_big_house_1, grunt_orc_community_house_2,
          grunt_orc_community_house_1, grunt_orc_community_house_3,
          grunt_orc_community_house_2, grunt_orc_community_house_2, basic_altar,
          uniq_azrael
Elf:1:    minmay_elf_arrival_summoners, hangedman_elf_disciples,
          dk_noncrumbling_3
Elf:2:    nrook_mini_backslash, st_stairs_12, guppyfry_elf_castle, uniq_nikola
IceCv:    ice_cave_small_dragons

Skill      XL: |  1  2  3  4  5  6  7  8  9 10 11 12 13 14 15 16 |
---------------+-------------------------------------------------+-----
Fighting       | 4 5 6 7 8 9 11 12 13 | 13.7
Dodging        | 1 2 3 4 7 9 |  9.1
Long Blades    | 3 4 5 6 7 9 11 13 14 15 | 15.5
Armour         | 4 5 6 8 |  8.0
Stealth        | 2 6 7 |  7.0
Invocations    | 2 6 10 12 13 | 13.2
Shields        | 5 7 9 |  9.9
Spellcasting   | 1 5 |  5.0
Hexes          | 1 7 |  7.5
Ice Magic      | 2 7 |  7.6
Translocations | 8 |  8.8

Action                   |  1- 3 |  4- 6 |  7- 9 | 10-12 | 13-15 | 16-18 || total
-------------------------+-------+-------+-------+-------+-------+-------++-------
Melee: Long sword        |   102 |   216 |   514 |    70 |       |   167 ||  1069
       Kick              |       |    57 |   255 |   399 |   866 |   280 ||  1857
       Scimitar          |       |       |       |   608 |  1267 |   291 ||  2166
 Cast: Ensorcelled Hiber |       |       |       |       |     1 |     5 ||     6
       Blink             |       |       |       |       |       |     4 ||     4
Invok: Bend Time         |       |       |       |     1 |       |       ||     1
       Slouch            |       |       |       |     2 |    11 |     6 ||    19
 Abil: Hop               |       |       |     1 |     9 |    10 |     3 ||    23
Evoke: Wand              |       |       |       |     4 |     8 |     4 ||    16
  Use: Scroll            |     8 |     2 |    10 |     9 |    15 |     4 ||    48
       Potion            |     1 |     2 |     1 |     8 |     1 |     8 ||    21
 Stab: Sleeping          |     1 |     8 |     5 |    16 |    41 |     3 ||    74
       Distracted        |       |     1 |     1 |     1 |    13 |     1 ||    17
       Petrified         |       |       |       |       |     3 |       ||     3
       Invisible         |       |       |       |       |       |    17 ||    17
       Confused          |       |       |       |       |       |     2 ||     2
  Eat: Chunk             |       |     8 |    11 |    10 |     7 |     3 ||    39
       Royal jelly       |       |       |     1 |     1 |     6 |     2 ||    10
       Fruit             |       |       |     1 |       |     8 |       ||     9
Armor: Scale mail        |    19 |       |       |       |       |       ||    19
       Shadow dragon sca |    29 |   125 |   323 |   397 |   297 |       ||  1171
       Chain mail        |       |       |       |       |    51 |   125 ||   176
Dodge: Dodged            |    39 |    64 |   191 |   333 |   738 |   255 ||  1620
Block: Shield            |    51 |   107 |   282 |   495 |   964 |   349 ||  2248
       Reflection        |       |       |       |    37 |    18 |       ||    55
       Rpst.: Long sword |    14 |    22 |    64 |     4 |       |    22 ||   126
       Scimitar          |       |       |       |    88 |   171 |    39 ||   298
